Map: Simulacro LE

Players

Bombs

  • Race: Terran Terran
  • Spawn Location: 11:00

I.A. 2 (Elite) - Winner!

  • Race: Terran Terran
  • Spawn Location: 5:00

VOD

Have the link to the VOD?

Description

Time

  • Played on: March 18, 2020, 9:55 p.m.
  • Length: 12:01
Show
View Real Time Build Order
Export as new Build Order

Bombs Terran 

Build Orders:  

Get SALT Encoding   

  12  0:01  SCV  
  13  0:13  SCV  
  14  0:18  Supply Depot  
  14  0:25  SCV  
  15  0:29  Refinery  
  15  0:39  SCV  
  16  0:46  Barracks  
  16  0:52  SCV  
  16  0:56  Refinery  
  17  1:04  SCV  
  18  1:18  SCV  
  19  1:33  Factory  
  19  1:35  Reaper  
  19  1:38  Orbital Command  
  20  1:46  Supply Depot  
  20  2:04  SCV  
  20  2:07  Reaper  
  22  2:16  SCV  
  22  2:17  Hellion  
  25  2:30  Command Center  
  25  2:34  SCV  
  26  2:39  Reaper  
  26  2:41  Hellion  
  29  2:46  Supply Depot  
  29  2:48  SCV  
  30  2:59  Starport  
  30  3:00  SCV  
  30  3:04  Factory Tech Lab  
  31  3:11  Barracks Reactor  
  31  3:13  SCV  
  32  3:25  Cyclone  
  32  3:26  SCV  
  36  3:38  Starport Tech Lab  
  36  3:39  SCV  
  37  3:43  Orbital Command  
  37  3:49  Marine x2  
  37  3:51  SCV  
  40  3:58  Raven  
  42  4:03  SCV  
  42  4:06  Supply Depot  
  42  4:07  Marine x2  
  42  4:09  SCV  
  46  4:13  Siege Tank  
  46  4:15  SCV  
  50  4:21  SCV  
  51  4:27  Marine x2, SCV  
  54  4:33  SCV  
  54  4:36  Supply Depot  
  55  4:39  SCV  
  57  4:45  SCV  
  57  4:46  Command Center  
  57  4:48  Siege Tank  
  57  4:51  SCV  
  57  4:52  Marine  
  62  4:58  Marine, SCV  
  64  5:00  Supply Depot  
  64  5:03  SCV  
  64  5:04  Supply Depot  
  65  5:15  SCV  
  66  5:22  Starport Reactor  
  66  5:24  Barracks  
  66  5:25  Barracks, SCV  
  67  5:33  Marine, Stimpack  
  67  5:35  SCV  
  69  5:36  Siege Tank  
  69  5:38  Refinery  
  69  5:40  SCV  
  69  5:42  Refinery  
  73  5:50  Engineering Bay  
  73  5:51  Engineering Bay  
  73  5:52  SCV  
  73  5:55  Barracks  
  73  5:56  Barracks  
  73  5:57  Supply Depot, SCV  
  75  6:02  Orbital Command  
  75  6:04  SCV  
  75  6:09  SCV  
  77  6:13  Siege Tank  
  77  6:17  SCV  
  81  6:21  SCV  
  81  6:22  Starport Reactor  
  81  6:24  Marine x2  
  81  6:25  Marine x2  
  84  6:29  SCV x2  
  88  6:36  Marine, SCV  
  86  6:42  Marine x2, SCV  
  86  6:43  Barracks Reactor x2, Marine  
  90  6:49  SCV  
  90  6:50  Orbital Command, Terran Infantry Weapons Level 1  
  90  6:51  Terran Infantry Armor Level 1  
  91  6:55  SCV  
  91  7:00  Medivac x2  
  96  7:01  SCV  
  96  7:07  SCV  
  98  7:10  Siege Tank, Marine x4  
  98  7:14  Supply Depot, SCV  
  106  7:16  Supply Depot  
  106  7:19  SCV  
  106  7:20  SCV  
  108  7:25  Supply Depot  
  108  7:26  Supply Depot, SCV  
  108  7:28  Combat Shield  
  109  7:36  SCV x2  
  111  7:38  SCV  
  111  7:43  Medivac  
  111  7:44  Factory, Armory  
  114  7:46  Marine x2  
  114  7:47  Marine x7  
  114  7:48  SCV  
  114  7:50  SCV x2  
  126  7:54  Supply Depot  
  126  8:00  SCV  
  126  8:02  SCV x2  
  126  8:03  Siege Tank  
  126  8:04  Marine  
  133  8:10  Refinery  
  133  8:11  Supply Depot, Refinery  
  133  8:12  Supply Depot x2, SCV  
  134  8:14  SCV x2  
  134  8:15  Medivac x2  
  140  8:24  SCV  
  140  8:26  Marine x7  
  148  8:27  Sensor Tower  
  148  8:28  SCV  
  148  8:31  Factory Tech Lab  
  149  8:37  SCV  
  149  8:39  Sensor Tower  
  149  8:40  Marine  
  149  8:41  Marine  
  152  8:43  Marine  
  152  8:44  Marine x4  
  152  9:03  Marine x3  
  152  9:04  Marine x6  
  152  9:05  Medivac x2  
  167  9:11  Terran Infantry Weapons Level 2  
  167  9:13  Terran Infantry Armor Level 2  
  167  9:14  Terran Vehicle Weapons Level 1  
  161  9:21  Supply Depot x2  
  161  9:22  Supply Depot  
  161  9:24  Marine x5  
  161  9:30  Command Center  
  166  9:37  Siege Tank  
  169  9:39  Siege Tank  
  172  9:51  Barracks  
  172  9:52  Barracks  
  172  9:53  Barracks  
  172  9:58  Factory  
  171  10:06  Medivac x2  
  175  10:09  Siege Tank  
  175  10:11  Siege Tank  
  181  10:21  Sensor Tower  
  181  10:25  Refinery x2  
  181  10:33  Marine x9  
  190  10:41  Siege Tank  
  191  10:51  Marine x8  
  191  10:54  Marine  
  200  10:57  Barracks Reactor  
  200  10:58  Barracks Reactor, Factory Tech Lab  
  200  10:59  Barracks Reactor  
  200  11:01  Planetary Fortress  
  198  11:18  Marine x2  
  200  11:43  Command Center  
Show
View Real Time Build Order
Export as new Build Order

I.A. 2 (Elite) Terran - Winner!

Build Orders:  

Get SALT Encoding   

  12  0:00  SCV  
  13  0:13  SCV  
  14  0:18  Supply Depot  
  14  0:25  SCV  
  15  0:40  SCV  
  16  0:42  Barracks  
  16  0:52  SCV  
  17  1:04  SCV  
  18  1:16  SCV  
  18  1:17  Supply Depot  
  19  1:22  Refinery  
  19  1:28  SCV  
  19  1:29  Marine  
  21  1:40  SCV  
  22  1:47  Marine  
  22  1:51  Barracks  
  22  1:53  SCV  
  24  1:56  Refinery  
  24  2:04  Supply Depot  
  24  2:05  Orbital Command, Marine  
  25  2:22  Marine  
  26  2:30  SCV  
  27  2:40  Marine  
  27  2:42  SCV  
  29  2:47  Command Center  
  29  3:03  Factory, SCV  
  30  3:06  Marine  
  30  3:08  Marine  
  32  3:15  SCV  
  33  3:23  Marine  
  33  3:25  Marine  
  35  3:27  SCV  
  36  3:35  Barracks  
  36  3:39  SCV  
  37  3:42  Barracks Tech Lab  
  37  3:44  Barracks Tech Lab  
  37  3:51  SCV  
  37  3:53  Starport  
  37  3:55  Factory Tech Lab  
  38  3:58  SCV  
  39  4:03  SCV  
  39  4:07  Marine  
  39  4:09  Marine  
  42  4:10  SCV  
  42  4:15  Stimpack, SCV  
  44  4:18  Combat Shield  
  44  4:23  SCV  
  45  4:26  Supply Depot  
  45  4:27  SCV  
  46  4:35  SCV  
  46  4:37  Marine  
  48  4:39  Marine, SCV  
  48  4:42  Marine  
  51  4:47  SCV  
  51  4:52  SCV  
  53  4:53  Supply Depot  
  53  4:56  Medivac  
  53  4:59  Orbital Command  
  55  5:04  SCV  
  55  5:05  Marauder  
  58  5:10  Marauder  
  60  5:16  SCV  
  60  5:18  Supply Depot  
  61  5:26  Marauder  
  63  5:31  Marauder  
  65  5:42  Engineering Bay, Barracks Reactor  
  65  5:46  Command Center  
  65  5:48  Marauder  
  67  6:01  Marauder  
  69  6:07  Terran Infantry Weapons Level 1  
  69  6:09  Marauder  
  71  6:11  Supply Depot  
  71  6:20  Engineering Bay  
  71  6:22  Marauder, Medivac  
  71  6:24  Concussive Shells  
  75  6:30  Marauder  
  72  6:32  Marine  
  72  6:33  Marine  
  50  6:43  Marine  
  50  6:45  Terran Infantry Armor Level 1  
  48  6:50  Marine  
  48  6:51  Marine  
  48  6:52  Marauder  
  47  7:01  Marauder  
  47  7:07  Siege Tank  
  47  7:08  Marine x2  
  50  7:13  Marauder  
  54  7:22  Marine  
  55  7:27  Command Center  
  55  7:34  Marauder, Marine  
  55  7:35  Marine  
  59  7:40  Marine  
  60  7:51  Marine  
  60  7:56  Marauder  
  65  7:58  Marauder  
  65  8:08  Siege Tank  
  68  8:26  Marine  
  68  8:32  Marine  
  70  8:40  Siege Tank, SCV  
  74  8:45  SCV  
  75  8:52  SCV  
  75  8:54  SCV  
  77  8:57  SCV  
  77  8:58  Marine  
  77  9:00  Marine  
  56  9:03  Marine  
  56  9:05  Marine  
  53  9:16  Marine  
  54  9:19  Marauder  
  54  9:20  Marine  
  54  9:22  Marine  
  58  9:34  Marauder  
  60  9:38  Marine  
  60  9:40  Marauder, Marine  
  64  9:47  Siege Tank  
  67  9:55  Marine  
  67  9:56  Marine  
  67  9:58  Marine  
  67  9:59  Command Center  
  70  10:02  Marauder  
  72  10:13  Marauder  
  74  10:14  Marine  
  74  10:19  Siege Tank  
  78  10:23  Marauder  
  78  10:26  Viking  
  82  10:33  Supply Depot  
  82  10:40  Refinery  
  82  10:47  Marine, Refinery  
  82  10:48  Marine  
  65  10:50  Marine  
  65  10:51  Siege Tank, Marine  
  65  10:56  Viking  
  54  11:05  Marine  
  54  11:06  Marauder  
  54  11:08  Marine  
  54  11:09  Marine  
  54  11:10  SCV x2  
  61  11:11  SCV  
  62  11:23  Siege Tank, Marauder  
  50  11:26  Marine, Viking  
  50  11:27  Marauder, Marine  
Tags
 
Matchup
TvT
Race
Terran
Spawn Locations
Cross Positions
Add a new tag
Caveats
  • Supply blocks, unpowered buildings, or Contaminate may cause inaccurate times.
  • Supply counts are checked every 10 seconds.